 Dungeon Crawl Stone Soup version 0.27-a0-1154-gfdeffcb720 (webtiles) character file.

Game seed: 9672386826742741990

182 rjrrt the Chopper (level 5, -9/61 HPs)
             Began as a Demonspawn Berserker on May 14, 2021.
             Was a Priest of Trog.
             Mangled by an orc warrior
             ... wielding a +0 long sword
              (12 damage)
             ... on level 2 of the Dungeon.
             The game lasted 00:03:14 (2411 turns).

rjrrt the Chopper (Demonspawn Berserker)            Turns: 2411, Time: 00:03:14

Health: -9/61      AC:  5    Str: 18    XL:     5   Next: 34%
Magic:  5/5        EV: 11    Int:  9    God:    Trog [***...]
Gold:   14         SH:  0    Dex: 12    Spells: 4/4 levels left

rFire    . . .     SeeInvis .   a - +0 hand axe
rCold    . . .     Faith    .   (no shield)
rNeg     . . .     Spirit   .   c - +0 ring mail
rPois    .         Reflect  .   (helmet unavailable)
rElec    .         Harm     .   (no cloak)
rCorr    .         Rampage  .   (no gloves)
Will     .....                  (no boots)
Stlth    ..........             (no amulet)
HPRegen  0.20/turn              (no ring)
MPRegen  0.09/turn              (no ring)

@: berserking, very quick
A: horns 3, foul stench 1
a: Renounce Religion, Berserk, Trog's Hand


You were on level 2 of the Dungeon.
You worshipped Trog.
Trog was most pleased with you.
You visited 1 branch of the dungeon, and saw 2 of its levels.

You collected 14 gold pieces.

Inventory:

Hand Weapons
 a - a +0 hand axe (weapon)
 g - a +0 war axe
Armour
 c - a +0 ring mail (worn)
Scrolls
 b - a scroll of fear {unknown}
 d - a scroll of teleportation {unknown}
Potions
 e - a potion of lignification {unknown}
 f - a potion of curing {unknown}


   Skills:
 - Level 3.0 Fighting
 + Level 5.6 Axes
 - Level 1.7 Armour
 - Level 1.7 Dodging


You had 4 spell levels left.
You didn't know any spells.
Your spell library was empty.

Dungeon Overview and Level Annotations

Branches:
Dungeon (2/15)

Altars:
Cheibriados

Shops:
D:2 :=(


Innate Abilities, Weirdness & Mutations

You have a pair of large horns on your head.
You may rarely emit foul miasma when damaged in melee.


Message History

You barely miss the adder. Your headbutt misses the adder.
The adder is almost dead.
You feel sick.
You miss the adder. Your headbutt misses the adder.
The adder is almost dead.
The adder closely misses you.
You barely miss the adder. Your headbutt misses the adder.
The adder is almost dead.
You feel sick. The adder closely misses you.
You slash the adder!
You feel the power of Trog in you as your rage grows.
You kill the adder!
Trog accepts your kill.
You feel sick.
You slash the orc warrior!
The orc warrior is moderately wounded.
You feel sick.
The orc warrior hits you with a +0 long sword.
You completely miss the orc warrior. You headbutt the orc warrior.
The orc warrior is heavily wounded.
You feel sick. The orc warrior misses you.
You closely miss the orc warrior.
The orc warrior is moderately wounded.
You hit the orc warrior but do no damage.
The orc warrior is moderately wounded.
You feel sick.
The orc warrior hits you with a +0 long sword!
* * * LOW HITPOINT WARNING * * *
You barely miss the orc warrior.
The orc warrior is moderately wounded.
You feel sick.
You are no longer poisoned.
You closely miss the orc warrior. Your headbutt misses the orc warrior.
The orc warrior is moderately wounded.
The orc warrior hits you with a +0 long sword!
* * * LOW HITPOINT WARNING * * *
You closely miss the orc warrior.
The orc warrior is moderately wounded.
The orc warrior hits you with a +0 long sword!
You die...

## #..####.#### #.#.#
...#.......... #...#
...#.......# ###.#
.........# ### ...#.###.#
###### # .........#
#.⌠.⌠###.# ..<......#
#..∩.....#
##.......####.).⌠#######
#.......o@...#.#......#
#....).#####.#.#......####
#####.#.......<.∩........#
#. .####.#.#......##># #.
.. #.#.#########.# #. #.#
..#.# #.# #. .##.##.# #.#
#. .##. ..# #.# #.# #.#


You could see an orc warrior.

Vanquished Creatures
  An orc priest (D:2)
  2 orc wizards (D:2)
  4 adders (D:2)
  An orc (D:2)
  5 bats (D:1)
  4 endoplasms
  A giant cockroach (D:2)
  2 goblins (D:1)
  4 hobgoblins
  15 jackals
  3 quokkas
  9 ball pythons
  5 frilled lizards
  4 kobolds
  2 rats (D:1)
62 creatures vanquished.

Notes
Turn   | Place    | Note
-------+----------+-------------------------------------------
     0 | D:1      | rjrrt the Demonspawn Berserker began the quest for the Orb.
     0 | D:1      | Reached XP level 1. HP: 18/18 MP: 1/1
    35 | D:1      | Reached skill level 3 in Axes
   511 | D:1      | Gained mutation: You have a pair of small horns on your
                  | head. [demonic ancestry]
   511 | D:1      | Reached XP level 2. HP: 22/24 MP: 2/2
   786 | D:1      | Reached ** piety under Trog
  1050 | D:1      | Gained mutation: You have a pair of horns on your head.
                  | [demonic ancestry]
  1050 | D:1      | Reached XP level 3. HP: 29/29 MP: 3/3
  1195 | D:1      | Reached skill level 4 in Axes
  1513 | D:2      | Found a snail-covered altar of Cheibriados.
  1604 | D:2      | Found a faded altar of an unknown god.
  1632 | D:2      | Found Zesch's Weapon Shop.
  1854 | D:2      | Gained mutation: You may rarely emit foul miasma when
                  | damaged in melee. [demonic ancestry]
  1854 | D:2      | Reached XP level 4. HP: 35/35 MP: 4/4
  1941 | D:2      | Reached *** piety under Trog
  2065 | D:2      | Noticed an orc warrior
  2138 | D:2      | Reached skill level 5 in Axes
  2145 | D:2      | Gained mutation: You have a pair of large horns on your
                  | head. [demonic ancestry]
  2145 | D:2      | Reached XP level 5. HP: 41/41 MP: 5/5
  2297 | D:2      | Found Obiohaicw's Jewellery Emporium.
  2299 | D:2      | Found Hew Kece's Book Shoppe.
  2410 | D:2      | HP: 2/61 [orc warrior/+0 long sword (13)]
  2411 | D:2      | Mangled by an orc warrior

Illustrated notes

Levels and vault maps discovered:
D:1:      shiori_arrival_elements, layout_basic
D:2:      layout_basic, serial_shops, shop, nicolae_shop_waterfront,
          shop_fountains, shop, basic_altar, hellmonk_ecumenical_altar_zigzags

Skill      XL: |  1  2  3  4 |
---------------+-------------+-----
Axes           | 3 4 5 |  5.6
Fighting       | |  3.0
Armour         | |  1.7
Dodging        | |  1.7

Action                   |  1- 3 |  4- 6 || total
-------------------------+-------+-------++-------
Melee: Hand axe          |   115 |    49 ||   164
       Headbutt          |    14 |     5 ||    19
Invok: Berserk           |     3 |     2 ||     5
Armor: Animal skin       |     7 |       ||     7
       Ring mail         |    37 |     9 ||    46
Dodge: Dodged            |    85 |    23 ||   108

Table legend: (Time is in decaauts)
 A = Elapsed time spent in this place.
 B = Non-inter-level travel time spent in this place.
 C = Inter-level travel time spent in this place.
 D = Time resting spent in this place.
 E = Time spent auto-exploring this place.
 F = Levels seen in this place.
 G = Mean time per level.
                   A        B        C        D        E       F      G
               +--------+--------+--------+--------+--------+-----+--------+
         Total |   2461 |   2426 |     35 |    148 |   1861 |   2 | 1230.5 |
       Dungeon |   2461 |   2426 |     35 |    148 |   1861 |   2 | 1230.5 |
               +--------+--------+--------+--------+--------+-----+--------+

Top non-repeatable levels by time:
     D:1: 1383 daAuts
     D:2: 1077 daAuts
